 Dungeon Crawl Stone Soup version 0.32-a0-768-g0f6f1dd4b9 (webtiles) character file.

Game seed: 16919612055588994771

7 javelincjr the Grasshopper (level 1, 0/16 HPs)
             Began as a Demonspawn Warper on Mar 18, 2024.
             Slain by an endoplasm (1 damage)
             ... on level 1 of the Dungeon.
             The game lasted 00:01:14 (96 turns).

javelincjr the Grasshopper (Demonspawn Warper)        Turns: 96, Time: 00:01:14

Health: 0/16       AC:  3    Str: 11    XL:     1   Next: 83%
Magic:  1/1        EV: 10    Int: 13    God:
Gold:   3          SH:  0    Dex: 12    Spells: 4/4 levels left

rFire   . . .        e - +1 spear (antimagic)
rCold   . . .        (no shield)
rNeg    . . .        b - +0 leather armour
rPois   .            (no helmet)
rElec   .            (no cloak)
rCorr   .            (no gloves)
SInv    .            (no boots)
Will    .....        (no amulet)
Stlth   +            (no ring)
HPRegen 0.22/turn    (no ring)
MPRegen 0.07/turn

%: no passive effects
@: no status effects
A: no striking features
a: no special abilities


You were on level 1 of the Dungeon.
You visited 1 branch of the dungeon, and saw 1 of its levels.

You collected 3 gold pieces.

Inventory:

Hand Weapons
 a - a +0 spear
 e - a +1 antimagic spear (weapon)
Missiles
 d - 7 darts of dispersal (quivered)
Armour
 b - a +0 leather armour (worn)
Scrolls
 c - a scroll of blinking


   Skills:
 + Level 2.1 Fighting
 + Level 1.9 Polearms
 + Level 1.0 Throwing
 + Level 1.0 Armour
 + Level 1.8 Dodging
 + Level 2.0 Spellcasting
 + Level 2.7 Translocations


You had 4 spell levels left.
You didn't know any spells.
Your spell library contained the following spells:

 Spells                   Type           Power      Damage    Failure   Level
 Blink                    Tloc           16%        N/A       16%         2
 Lesser Beckoning         Tloc           16%        N/A       16%         2
 Teleport Other           Tloc           8%         N/A       32%         3
 Manifold Assault         Tloc           8%         N/A       71%         4
 Vhi's Electric Charge    Tloc/Air       8%         N/A       88%         4


Dungeon Overview and Level Annotations

Branches:
Dungeon (1/15)

Altars:


Message History

The hobgoblin hits you.
You hit the hobgoblin.
You kill the hobgoblin!
The bat barely misses you.
The kobold hits you with a +2 dagger of venom.
You are poisoned.
The endoplasm hits you but does no damage.
Your Armour skill increases to level 1!
You feel sick.
The kobold throws a stone.
The stone hits you but does no damage.
The endoplasm attacks as it pursues you!
The endoplasm closely misses you.
You feel sick. The bat misses you.
Okay, then.
You feel sick. The bat closely misses you.
Reach: e) +1 spear (antimagic)
Press: ? - help, Dir - move target, f - kobold
Aim: a kobold, wielding a +2 dagger of venom and quivering stones (about 45% to evade your +1 antimagic spear)
The bat is in the way.
You hit the bat.
You kill the bat!
You feel sick.
Reach: e) +1 spear (antimagic)
Press: ? - help, Dir - move target, f/p - kobold
Aim: a kobold, wielding a +2 dagger of venom and quivering stones (about 45% to evade your +1 antimagic spear)
The endoplasm is in the way.
You hit the endoplasm.
The endoplasm is moderately wounded.
You feel sick. The endoplasm closely misses you.
Reach: e) +1 spear (antimagic)
Press: ? - help, Dir - move target, f/p - kobold
Aim: a kobold, wielding a +2 dagger of venom and quivering stones (about 45% to evade your +1 antimagic spear)
The endoplasm is in the way.
You hit the endoplasm.
The endoplasm is almost dead.
You feel sick. The endoplasm hits you.
* * * LOW HITPOINT WARNING * * *
It was a potion of magic.
Magic courses through your body.
* * * LOW HITPOINT WARNING * * *
You feel sick.
You are no longer poisoned.
The endoplasm hits you.
You die...

.>........# ..........
.........### ...........
......†..# .......†.#
........l###
######.#KJ.# ###.###@#
..#.....## .........##
..........# ###
..........### #<#
............##### #.#
................## #.#
...(.......>...... #.#
......†).....#######.###


You could see an endoplasm, a kobold and a frilled lizard.

Vanquished Creatures
  A goblin (D:1)
  2 hobgoblins (D:1)
  A quokka (D:1)
  2 bats (D:1)
6 creatures vanquished.

Notes
Turn   | Place    | Note
-------+----------+-------------------------------------------
     0 | D:1      | javelincjr the Demonspawn Warper began the quest for the
                  | Orb.
     0 | D:1      | Reached XP level 1. HP: 16/16 MP: 3/3
    73 | D:1      | Reached skill level 1 in Throwing
    90 | D:1      | Reached skill level 1 in Armour
    96 | D:1      | Slain by an endoplasm

Illustrated notes

Levels and vault maps discovered:
D:1:      lemuel_arrival_cross, layout_rooms,
          hellmonk_ecumenical_altar_leap_of_faith, minivault_14

Skill      XL: |  1 |
---------------+----+-----
Throwing       | 1 |  1.0
Armour         | 1 |  1.0
Fighting       | |  2.1
Polearms       | |  1.9
Dodging        | |  1.8
Spellcasting   | |  2.0
Translocations | |  2.7

Action                     || total
---------------------------++-------
  Melee: Spear             ||    16
    Use: Potion            ||     1
 Armour: Leather armour    ||    13
  Dodge: Dodged            ||    11

Table legend: (Time is in decaauts)
 A = Elapsed time spent in this place.
 B = Non-inter-level travel time spent in this place.
 C = Inter-level travel time spent in this place.
 D = Time resting spent in this place.
 E = Time spent auto-exploring this place.
 F = Levels seen in this place.
 G = Mean time per level.
                   A        B        C        D        E       F      G
               +--------+--------+--------+--------+--------+-----+--------+
         Total |     95 |     95 |      0 |      0 |     57 |   1 |   95.0 |
       Dungeon |     95 |     95 |      0 |      0 |     57 |   1 |   95.0 |
               +--------+--------+--------+--------+--------+-----+--------+

Top non-repeatable levels by time:
     D:1: 95 daAuts
